Workbook

Sheet Formularz zamówienia
A2: =INDEX(TLUMACZENIA!B:D,MATCH("NAZWA",TLUMACZENIA!A:A,0),MATCH($G$3,{"POLSKI";"ENGLISH";"DEUTSCH"},0)) -> FORMULARZ ZAMÓWIENIA INDYWIDUALNEGO | G2: JĘZYK / LANGUAGE / SPRACHE
A3: =INDEX(TLUMACZENIA!B:D,MATCH("IMIE",TLUMACZENIA!A:A,0),MATCH($G$3,{"POLSKI";"ENGLISH";"DEUTSCH"},0)) -> IMIĘ I NAZWISKO/FIRMA | G3: POLSKI
A4: =INDEX(TLUMACZENIA!B:D,MATCH("INFO8",TLUMACZENIA!A:A,0),MATCH($G$3,{"POLSKI";"ENGLISH";"DEUTSCH"},0)) -> NIP (opcjonalnie) | G4: =INDEX(TLUMACZENIA!B:D,MATCH("INFO3",TLUMACZENIA!A:A,0),MATCH($G$3,{"POLSKI";"ENGLISH";"DEUTSCH"},0)) -> Wszystkie naczynia produkowane przez naszą firmę nie zawierają szkodliwych substancji, można używać w mikrofalówkach oraz zmywarkach. Prosimy o dokonywanie przedpłat, po ustaleniu wszystkich warunków zamówienia, na konto Zakładów Ceramicznych "BOLESŁAWIEC" Spółka z ograniczoną odpowiedzialnością prowadzone przez Alior Bank: PLN: 25 2490 0005 0000 4600 3435 1750, EUR: 44 2490 0005 0000 4600 2356 6948, USD: 32 2490 0005 0000 4600 1956 5235. Tytuł przelewu: ZAM IND – Imię i nazwisko – PRZEDPŁATA. Prosimy o przesłanie potwierdzenia wpłaty na adres e-mail: box@zakladyboleslawiec.com Informujemy, że po upływie 14 dni od momentu odbioru paczki przez klienta, zwroty nie będą przyjmowane.
A5: =INDEX(TLUMACZENIA!B:D,MATCH("ADRES",TLUMACZENIA!A:A,0),MATCH($G$3,{"POLSKI";"ENGLISH";"DEUTSCH"},0)) -> ADRES WYSYŁKI
A6: =INDEX(TLUMACZENIA!B:D,MATCH("KRAJ",TLUMACZENIA!A:A,0),MATCH($G$3,{"POLSKI";"ENGLISH";"DEUTSCH"},0)) -> KRAJ WYSYŁKI
A7: =INDEX(TLUMACZENIA!B:D,MATCH("EMAIL",TLUMACZENIA!A:A,0),MATCH($G$3,{"POLSKI";"ENGLISH";"DEUTSCH"},0)) -> E-MAIL
A8: =INDEX(TLUMACZENIA!B:D,MATCH("INFO9",TLUMACZENIA!A:A,0),MATCH($G$3,{"POLSKI";"ENGLISH";"DEUTSCH"},0)) -> NUMER TELEFONU
A9: =INDEX(TLUMACZENIA!B:D,MATCH("UWAGI",TLUMACZENIA!A:A,0),MATCH($G$3,{"POLSKI";"ENGLISH";"DEUTSCH"},0)) -> UWAGI
A11: =INDEX(TLUMACZENIA!B:D,MATCH("INFO1",TLUMACZENIA!A:A,0),MATCH($G$3,{"POLSKI";"ENGLISH";"DEUTSCH"},0)) -> Formularz służy wyłącznie do wstępnej wyceny. Przesłanie formularza nie jest równoznaczne ze złożeniem zamówienia. Dodatkowa marża naliczana jest przy zamówieniach poniżej 500 zł.
A13: =INDEX(TLUMACZENIA!B:D,MATCH("INFO2",TLUMACZENIA!A:A,0),MATCH($G$3,{"POLSKI";"ENGLISH";"DEUTSCH"},0)) -> 1. Wybierz numer kształtu z katalogu (pod zdjęciem) i wpisz w kolumnie B. 2. Wybierz numer dekoracji z katalogu i wpisz w kolumnie C. 3. Podaj ilość w kolumnie D. | D13: =INDEX(TLUMACZENIA!B:D,MATCH("KATALOG",TLUMACZENIA!A:A,0),MATCH($G$3,{"POLSKI";"ENGLISH";"DEUTSCH"},0)) -> KATALOG DO POBRANIA
A14: LP | B14: =INDEX(TLUMACZENIA!B:D,MATCH("KSZTALT",TLUMACZENIA!A:A,0),MATCH($G$3,{"POLSKI";"ENGLISH";"DEUTSCH"},0)) -> NUMER KSZTAŁTU | C14: =INDEX(TLUMACZENIA!B:D,MATCH("DEKORACJA",TLUMACZENIA!A:A,0),MATCH($G$3,{"POLSKI";"ENGLISH";"DEUTSCH"},0)) -> NUMER DEKORACJI | D14: =INDEX(TLUMACZENIA!B:D,MATCH("ILOSC",TLUMACZENIA!A:A,0),MATCH($G$3,{"POLSKI";"ENGLISH";"DEUTSCH"},0)) -> ILOŚĆ | E14: =INDEX(TLUMACZENIA!B:D,MATCH("CENA",TLUMACZENIA!A:A,0),MATCH($G$3,{"POLSKI";"ENGLISH";"DEUTSCH"},0)) -> CENA | F14: =INDEX(TLUMACZENIA!B:D,MATCH("SUMA",TLUMACZENIA!A:A,0),MATCH($G$3,{"POLSKI";"ENGLISH";"DEUTSCH"},0)) -> SUMA
A15: 1 | E15: =IFERROR(VLOOKUP(_xlfn.CONCAT(B15,"&",LEFT(C15,FIND("-",C15,1)-1)),Arkusz1!$A$2:$B$6800,2,FALSE),"0") -> 0 | F15: =D15*E15 -> 0 | G15: =IF(B15="","",IFERROR(VLOOKUP(B15,'Baza kształtów'!$A:$B,2,FALSE),""))
A16: 2 | E16: =IFERROR(VLOOKUP(_xlfn.CONCAT(B16,"&",LEFT(C16,FIND("-",C16,1)-1)),Arkusz1!$A$2:$B$6800,2,FALSE),"0") -> 0 | F16: =D16*E16 -> 0 | G16: =IF(B16="","",IFERROR(VLOOKUP(B16,'Baza kształtów'!$A:$B,2,FALSE),""))
A17: 3 | E17: =IFERROR(VLOOKUP(_xlfn.CONCAT(B17,"&",LEFT(C17,FIND("-",C17,1)-1)),Arkusz1!$A$2:$B$6800,2,FALSE),"0") -> 0 | F17: =D17*E17 -> 0 | G17: =IF(B17="","",IFERROR(VLOOKUP(B17,'Baza kształtów'!$A:$B,2,FALSE),""))
A18: 4 | E18: =IFERROR(VLOOKUP(_xlfn.CONCAT(B18,"&",LEFT(C18,FIND("-",C18,1)-1)),Arkusz1!$A$2:$B$6800,2,FALSE),"0") -> 0 | F18: =D18*E18 -> 0 | G18: =IF(B18="","",IFERROR(VLOOKUP(B18,'Baza kształtów'!$A:$B,2,FALSE),""))
A19: 5 | E19: =IFERROR(VLOOKUP(_xlfn.CONCAT(B19,"&",LEFT(C19,FIND("-",C19,1)-1)),Arkusz1!$A$2:$B$6800,2,FALSE),"0") -> 0 | F19: =D19*E19 -> 0 | G19: =IF(B19="","",IFERROR(VLOOKUP(B19,'Baza kształtów'!$A:$B,2,FALSE),""))
A20: 6 | E20: =IFERROR(VLOOKUP(_xlfn.CONCAT(B20,"&",LEFT(C20,FIND("-",C20,1)-1)),Arkusz1!$A$2:$B$6800,2,FALSE),"0") -> 0 | F20: =D20*E20 -> 0 | G20: =IF(B20="","",IFERROR(VLOOKUP(B20,'Baza kształtów'!$A:$B,2,FALSE),""))
A21: 7 | E21: =IFERROR(VLOOKUP(_xlfn.CONCAT(B21,"&",LEFT(C21,FIND("-",C21,1)-1)),Arkusz1!$A$2:$B$6800,2,FALSE),"0") -> 0 | F21: =D21*E21 -> 0 | G21: =IF(B21="","",IFERROR(VLOOKUP(B21,'Baza kształtów'!$A:$B,2,FALSE),""))
A22: 8 | E22: =IFERROR(VLOOKUP(_xlfn.CONCAT(B22,"&",LEFT(C22,FIND("-",C22,1)-1)),Arkusz1!$A$2:$B$6800,2,FALSE),"0") -> 0 | F22: =D22*E22 -> 0 | G22: =IF(B22="","",IFERROR(VLOOKUP(B22,'Baza kształtów'!$A:$B,2,FALSE),""))
A23: 9 | E23: =IFERROR(VLOOKUP(_xlfn.CONCAT(B23,"&",LEFT(C23,FIND("-",C23,1)-1)),Arkusz1!$A$2:$B$6800,2,FALSE),"0") -> 0 | F23: =D23*E23 -> 0 | G23: =IF(B23="","",IFERROR(VLOOKUP(B23,'Baza kształtów'!$A:$B,2,FALSE),""))
A24: 10 | E24: =IFERROR(VLOOKUP(_xlfn.CONCAT(B24,"&",LEFT(C24,FIND("-",C24,1)-1)),Arkusz1!$A$2:$B$6800,2,FALSE),"0") -> 0 | F24: =D24*E24 -> 0 | G24: =IF(B24="","",IFERROR(VLOOKUP(B24,'Baza kształtów'!$A:$B,2,FALSE),""))
A25: 11 | E25: =IFERROR(VLOOKUP(_xlfn.CONCAT(B25,"&",LEFT(C25,FIND("-",C25,1)-1)),Arkusz1!$A$2:$B$6800,2,FALSE),"0") -> 0 | F25: =D25*E25 -> 0 | G25: =IF(B25="","",IFERROR(VLOOKUP(B25,'Baza kształtów'!$A:$B,2,FALSE),""))
A26: 12 | E26: =IFERROR(VLOOKUP(_xlfn.CONCAT(B26,"&",LEFT(C26,FIND("-",C26,1)-1)),Arkusz1!$A$2:$B$6800,2,FALSE),"0") -> 0 | F26: =D26*E26 -> 0 | G26: =IF(B26="","",IFERROR(VLOOKUP(B26,'Baza kształtów'!$A:$B,2,FALSE),""))
... A35: 21 | E35: =IFERROR(VLOOKUP(_xlfn.CONCAT(B35,"&",LEFT(C35,FIND("-",C35,1)-1)),Arkusz1!$A$2:$B$6800,2,FALSE),"0") -> 0 | F35: =D35*E35 -> 0 | G35: =IF(B35="","",IFERROR(VLOOKUP(B35,'Baza kształtów'!$A:$B,2,FALSE),""))
A36: 22 | B36: TRANSPORT | C36: INPOST | D36: 1 | E36: WYPEŁNIA PRACOWNIK
A37: =INDEX(TLUMACZENIA!B:D,MATCH("INFO4",TLUMACZENIA!A:A,0),MATCH($G$3,{"POLSKI";"ENGLISH";"DEUTSCH"},0)) -> Cena ma charakter orientacyjny i może ulec zmianie po weryfikacji technologicznej. | E37: =INDEX(TLUMACZENIA!B:D,MATCH("SUMA",TLUMACZENIA!A:A,0),MATCH($G$3,{"POLSKI";"ENGLISH";"DEUTSCH"},0)) -> SUMA | F37: =SUM(F15:F36) -> 0
E38: =INDEX(TLUMACZENIA!B:D,MATCH("MARZA",TLUMACZENIA!A:A,0),MATCH($G$3,{"POLSKI";"ENGLISH";"DEUTSCH"},0)) -> DODATKOWA MARŻA | F38: =IF(F37>500,0,250) -> 250
E39: =INDEX(TLUMACZENIA!B:D,MATCH("RAZEM",TLUMACZENIA!A:A,0),MATCH($G$3,{"POLSKI";"ENGLISH";"DEUTSCH"},0)) -> RAZEM | F39: =SUM(F37:F38) -> 250
A41: =INDEX(TLUMACZENIA!B:D,MATCH("ZGODY",TLUMACZENIA!A:A,0),MATCH($G$3,{"POLSKI";"ENGLISH";"DEUTSCH"},0)) -> Zgody
A42: =INDEX(TLUMACZENIA!B:D,MATCH("INFO5",TLUMACZENIA!A:A,0),MATCH($G$3,{"POLSKI";"ENGLISH";"DEUTSCH"},0)) -> Wyrażam zgodę na kontakt w celu przygotowania oferty wyceny pod wskazany adres e-mail. | F42: TRUE
A44: =INDEX(TLUMACZENIA!B:D,MATCH("INFO6",TLUMACZENIA!A:A,0),MATCH($G$3,{"POLSKI";"ENGLISH";"DEUTSCH"},0)) -> Czas realizacji: Orientacyjny czas produkcji wynosi około 4–6 miesięcy. Każdy produkt jest tworzony ręcznie | F44: TRUE
A46: =INDEX(TLUMACZENIA!B:D,MATCH("INFO7",TLUMACZENIA!A:A,0),MATCH($G$3,{"POLSKI";"ENGLISH";"DEUTSCH"},0)) -> Brak możliwości zwrotu: zamówienia indywidualne nie podlegają możliwości odstąpienia od umowy w terminie 14 dni od dostarczenia produktu. | F46: TRUE

Sheet TLUMACZENIA
A1: KLUCZ | B1: POLSKI | C1: ENGLISH | D1: DEUTSCH
A2: IMIE | B2: IMIĘ I NAZWISKO/FIRMA | C2: NAME / COMPANY | D2: NAME / FIRMA
A3: ADRES | B3: ADRES WYSYŁKI | C3: SHIPPING ADDRESS | D3: LIEFERADRESSE
A4: KRAJ | B4: KRAJ WYSYŁKI | C4: SHIPPING COUNTRY | D4: LIEFERLAND
A5: EMAIL | B5: E-MAIL | C5: E-MAIL | D5: E-MAIL
A6: UWAGI | B6: UWAGI | C6: NOTES | D6: BEMERKUNGEN
A7: KSZTALT | B7: NUMER KSZTAŁTU | C7: SHAPE CODE | D7: FORMNUMMER
A8: DEKORACJA | B8: NUMER DEKORACJI | C8: DECORATION CODE | D8: DEKORNUMMER
A9: ILOSC | B9: ILOŚĆ | C9: QUANTITY | D9: MENGE
A10: NAZWA | B10: FORMULARZ ZAMÓWIENIA INDYWIDUALNEGO | C10: INDIVIDUAL ORDER QUOTATION FORM | D10: FORMULAR FUR INDIVIDUELLE ANGEBOTSANFRANGE
A11: INFO1 | B11: Formularz służy wyłącznie do wstępnej wyceny. Przesłanie formularza nie jest równoznaczne ze złożeniem zamówienia. Dodatkowa marża naliczana jest przy zamówieniach poniżej 500 zł. | C11: This form is intended solely for a preliminary quote. Submitting this form does not constitute placing an order. An additional surcharge applies to orders under 500 PLN. | D11: Das Formular dient ausschließlich der vorläufigen Preisermittlung. Das Absenden des Formulars gilt nicht als Auftragserteilung. Bei Bestellungen unter 500 PLN wird ein Aufschlag berechnet.
A12: INFO2 | B12: 1. Wybierz numer kształtu z katalogu (pod zdjęciem) i wpisz w kolumnie B. 2. Wybierz numer dekoracji z katalogu i wpisz w kolumnie C. 3. Podaj ilość w kolumnie D. | C12: 1. Select the shape number from the catalog (below the photo) and enter it in column B. 2. Select the decoration number from the catalog and enter it in column C. 3. Enter the quantity in column D. | D12: 1. Wähle die Formnummer aus dem Katalog (unter dem Foto) aus und trage sie in Spalte B ein. 2. Wähle die Dekorationsnummer aus dem Katalog aus und trage sie in Spalte C ein. 3. Gib die Menge in Spalte D an.
... A25: INFO9 | B25: NUMER TELEFONU | C25: PHONE NUMBER | D25: TELEFONNUMMER

Sheet Arkusz1
A1: Kod | B1: cena
A2: 1001&A | B2: 111.41109
A3: 1001&ART | B3: 187.17064
A4: 1001&D | B4: 89.128875
A5: 1001&DU | B5: 142.6062
A6: 1001&EX | B6: 231.73507
A7: 1001&KS | B7: 61.498924
A8: 1001&S | B8: 64.17279
A9: 1001&SP | B9: 53.477325
A10: 1002A&A | B10: 134.33676
A11: 1002A&ART | B11: 225.68575
A12: 1002A&D | B12: 107.4694
A13: 1002A&DU | B13: 171.95105
... A5817: 949S&SP | B5817: 110.45498

Sheet Baza kształtów
A1: 1066S1066P | B1: CZAJNIK 1,6L
A2: 1066S | B2: CZAJNIK 1,6L - SPÓD (S)
A3: 1066P | B3: CZAJNIK 1,6L - POKRYWA (P)
A4: 1113S1113P | B4: CZAJNIK 0,3L
A5: 1113S | B5: CZAJNIK 0,3L - SPÓD (S)
A6: 1113P | B6: CZAJNIK 0,3L - POKRYWA (P)
A7: 1143S1143P | B7: IMBRYK Z POKRYWĄ 0,6L
A8: 1143S | B8: IMBRYK Z POKRYWĄ 0,6L - SPÓD (S)
A9: 1143P | B9: IMBRYK Z POKRYWĄ 0,6L - POKRYWA (P)
A10: 1148S1148P | B10: CZAJNIK 0,3L
A11: 1148S | B11: CZAJNIK 0,3L - SPÓD (S)
A12: 1148P | B12: CZAJNIK 0,3L - POKRYWA (P)
... A835: 17.21.13-0-38800 | B835: OPAKOWANIE OZDOBNE NA KUBEK
